 Dungeon Crawl Stone Soup version 0.21-a0-525-ga34b322 (webtiles) character file.

51 slep the Chopper (level 3, 0/18 HPs)
             Began as a Vine Stalker Gladiator on Dec 8, 2017.
             Slain by a sky beast (5 damage)
             ... on level 2 of the Dungeon.
             The game lasted 00:03:13 (858 turns).

slep the Chopper (Vine Stalker Gladiator)            Turns: 858, Time: 00:03:14

Health: 0/18       AC: 11    Str: 20    XL:     3   Next: 81%
Magic:  0/4        EV:  7    Int:  8    God:
Gold:   50         SH:  0    Dex: 15    Spells: 2/2 levels left

rFire    . . .     SeeInvis .   a - +0 war axe
rCold    + . .     Gourm    .   (no shield)
rNeg     . . .     Faith    .   e - +0 plate armour {rC+}
rPois    .         Spirit   +   c - +0 helmet
rElec    .         Reflect  .   (no cloak)
rCorr    .         Harm     .   (no gloves)
MR       .....                  (no boots)
Stlth    ..........             (no amulet)
HPRegen  0.06/turn              o - +3 ring of strength
MPRegen  0.09/turn              (no ring)

@: no status effects
A: fangs 2, magic shield, antimagic bite, no potion heal 3, rot immunity
a: no special abilities


You were on level 2 of the Dungeon.
You were not hungry.

You visited 1 branch of the dungeon, and saw 2 of its levels.

You collected 50 gold pieces.

Inventory:

Hand Weapons
 a - a +0 war axe (weapon)
Missiles
 d - 3 throwing nets (quivered)
Armour
 b - a +0 leather armour
 c - a +0 helmet (worn)
 e - a +0 plate armour of cold resistance (worn)
Jewellery
 o - a +3 ring of strength (left hand)
Scrolls
 g - 2 scrolls of remove curse {unknown}
 h - 2 scrolls of identify {unknown}
 i - a scroll of immolation {unknown}
 k - 2 scrolls of magic mapping {unknown}
Potions
 j - a potion of heal wounds {unknown}
 l - a potion of mutation {unknown}
 m - a potion of degeneration {unknown}
 n - a potion of lignification {unknown}
Comestibles
 f - 3 bread rations
 p - a meat ration
 q - a royal jelly


   Skills:
 + Level 1.9 Fighting
 + Level 3.3 Axes
 + Level 1.9 Throwing
 + Level 0.8 Armour
 + Level 3.0 Dodging


You had 2 spell levels left.
You didn't know any spells.

Dungeon Overview and Level Annotations

Branches:
Dungeon (2/15)

Altars:


Innate Abilities, Weirdness & Mutations

You have extremely sharp teeth.
When hurt, damage is shared between your health and your magic reserves.
Your bite disrupts and absorbs the magic of your enemies.
Potions cannot restore your health.
You are immune to rotting.


Message History

The sky beast barely misses you.
You miss the sky beast.
You bite the sky beast, but do no damage.
The sky beast is moderately wounded.
The sky beast flickers out of sight!
Deactivating autopickup; reactivate with Ctrl-A.
Something hits you but does no damage.
Your plate armour prevents you from hitting something.
You bite something.
Something hits you but does no damage. x2
You closely miss something. Your bite misses something.
Something hits you but does no damage.
You slash something! Your bite misses something.
Something hits you but does no damage.
You barely miss something.
Something hits you but does no damage. x2
You closely miss something. You bite something.
Something hits you but does no damage.
You hit something. You bite something. Something hits you.
* * * LOW HITPOINT WARNING * * *
Something shocks you.
You die...

..# #.#.#
#.##.#.#.# #.#
#.##.#.#.#.#.# #.#
#.##.#.#.#.#.# #.#
#.##.#.#.#.#.#.#.#
#.##.#†#.#.#.#.#.##
#....#.#.#.#.# .g.
.....#.#.#.#.# #{#
.........#.#.###@#
.....#.[.........#
###..#####.#.#####
.....# #.#.# ##...#
#.#.# #...# #.#.#
#...#####.#.#
##.......#.#.#
##..####.#.#.#


You could see a hobgoblin.

Vanquished Creatures
  An adder (D:2)
  2 leopard geckos (D:1)
  2 giant cockroaches (D:1)
  4 goblins (D:1)
  3 hobgoblins (D:1)
  8 jackals
  2 kobolds
  7 bats
  4 frilled lizards
  3 rats (D:1)
36 creatures vanquished.

Notes
Turn   | Place    | Note
-------+----------+-------------------------------------------
     0 | D:1      | slep the Vine Stalker Gladiator began the quest for the Orb.
     0 | D:1      | Reached XP level 1. HP: 11/11 MP: 2/2
   105 | D:1      | Reached XP level 2. HP: 12/15 MP: 3/3
   329 | D:1      | Reached XP level 3. HP: 17/18 MP: 4/4
   833 | D:2      | Noticed a sky beast
   858 | D:2      | Slain by a sky beast

Vault maps used:
D:1:      sevenhm_arrival_forest_fort_large_4

Skill      XL: |  1  2  3 |
---------------+----------+-----
Axes           | 3 |  3.3
Dodging        | 3 |  3.0
Fighting       | |  1.9
Throwing       | |  1.9
Armour         | |  0.8

Action                   || total
-------------------------++-------
Melee: War axe           ||   130
       Bite              ||    42
Armor: Plate armour      ||   121
       Leather armour    ||     2
Dodge: Dodged            ||    58

Table legend:
 A = Spawn XP
 B = Non-spawn XP
 C = Spawn XP percentage of total XP
 D = Spawn monster count
 E = Non-spawn monster count
 F = Spawn count percentage of total count
 G = Total turns spent on level
                    A         B        C        D         E        F      G
               +---------+---------+-------+---------+---------+-------+---------
         Total |       0 |      73 |   0.0 |       0 |      36 |   0.0 |   858
               +---------+---------+-------+---------+---------+-------+---------
           D:1 |       0 |      46 |   0.0 |       0 |      27 |   0.0 |   640
           D:2 |       0 |      27 |   0.0 |       0 |       9 |   0.0 |   218
               +---------+---------+-------+---------+---------+-------+---------
